 Dungeon Crawl Stone Soup version 0.29-a0-341-g24ffce5b50 (webtiles) character file.

Game seed: 7718059221295954102

72 spaghetti the Covert (level 4, -4/42 HPs)
             Began as a Naga Delver on Apr 20, 2022.
             Slain by a bullfrog (8 damage)
             ... on level 4 of the Dungeon.
             The game lasted 00:01:28 (422 turns).

spaghetti the Covert (Naga Delver)                   Turns: 422, Time: 00:01:28

Health: -4/42      AC:  2    Str: 14    XL:     4   Next: 26%
Magic:  4/4        EV:  9    Int: 11    God:
Gold:   0          SH:  0    Dex: 14    Spells: 0/3 levels left

rFire   . . .      SeeInvis +   a - +0 falchion {long}
rCold   . . .      Faith    .   (no shield)
rNeg    . . .      Spirit   .   b - +0 leather armour
rPois   +          Reflect  .   (no helmet)
rElec   .          Harm     .   (no cloak)
rCorr   .          Rampage  .   (no gloves)
Will    .....                   (no barding)
Stlth   ++++......              (no amulet)
HPRegen 0.14/turn               (no ring)
MPRegen 0.09/turn               (no ring)

@: hasted, quick
A: AC +1, large, see invisible, deformed body, poison resistance, slowness 2,
spit poison 1, naga tail 1
a: Spit Poison


You were on level 4 of the Dungeon.
You visited 1 branch of the dungeon, and saw 2 of its levels.


Innate Abilities, Weirdness & Mutations

Your serpentine skin is tough. (AC +1)
You have supernaturally acute eyesight. (SInv)
Armour fits poorly on your strangely shaped body.
Your system is resistant to poisons. (rPois)
You cover ground very slowly.
You can spit poison.
You have a snake-like lower body.


   Skills:
 - Level 3.0 Fighting
 - Level 2.0 Long Blades
 - Level 1.5 Dodging
 - Level 9.5 Stealth
 + Level 0.2 Conjurations
 + Level 0.2 Fire Magic


You couldn't memorise any spells.
You knew the following spells:

 Your Spells              Type           Power      Damage    Failure   Level
a - Conjure Flame         Conj/Fire      0%         6-21      77%         3

Your spell library contained the following spells:

 Spells                   Type           Power      Damage    Failure   Level
 Ignite Poison            Fire/Tmut/Pois 0%         N/A       80%         3
 Sticky Flame             Conj/Fire      0%         2d3       99%         4

Inventory:

Hand Weapons
 a - a +0 falchion (weapon) {long}
Missiles
 h - a stone {throwing}
Armour
 b - a +0 leather armour (worn)
Wands
 g - a wand of digging (3)
Scrolls
 c - a scroll of fog
 d - a scroll of magic mapping {!r}

Dungeon Overview and Level Annotations

Branches:
Dungeon (5/15)
 Temple: D:4-7

Altars:

Annotations:
D:5 1 transporter

###
##.......#[######.
###.#####.#
#.#####.######.
#..............
#.#####.#######
#.# #.# ##########
#.# #.#
.........####.#
#.#### #<.)..F@..#
#....# #..######.#
####.# #.F....##.#
#.# #.####.##.#
#.# #.
#...#>########.#
#. #............#
..
.......##########
....####### ###


You could see a bullfrog.


Message History

You hit the giant cockroach.
The giant cockroach bites you. x2 😕 HP[-3]
You take 3 damage, and now have 37/42 hp.
You closely miss the giant cockroach. The giant cockroach closely misses you.
You hit the giant cockroach but do no damage.
The giant cockroach bites you.
The giant cockroach closely misses you. 😕 HP[-2]
You take 2 damage, and now have 35/42 hp.
You hit the giant cockroach.
You kill the giant cockroach!
Unknown command.
Found an escape hatch in the ceiling. 😎 HP[+7]
Your hp is fully restored (42).
A bullfrog comes into view.
A bullfrog is nearby!
You see here a +0 club {mace}.
The bullfrog croaks.
You hear a shout!
The bullfrog closely misses you. The bullfrog barely misses you.
An ufetubus comes into view.
You closely miss the bullfrog. The bullfrog closely misses you. x2
You hit the bullfrog. The bullfrog hits you. The bullfrog misses you. 😕 HP[-2]
You take 2 damage, and now have 40/42 hp.
Aiming: Spit Poison (1% risk of failure)
Press: ? - help, Shift-Dir - straight line, f - bullfrog
Aim: a bullfrog (moderately wounded, 50% to hit)
The splash of poison hits the bullfrog.
The bullfrog is poisoned.
The bullfrog closely misses you. The ufetubus closely misses you.
The ufetubus hits you. 😕 HP[-3]
You take 3 damage, and now have 37/42 hp.
You barely miss the bullfrog. The bullfrog hits you.
The ufetubus hits you but does no damage.
The ufetubus barely misses you. The bullfrog hits you.
The ufetubus hits you. x2 😮 HP[-10]
You take 10 damage, and now have 27/42 hp.
MASSIVE DAMAGE!! (PAUSE)
You feel yourself speed up. The bullfrog closely misses you.
The ufetubus hits you. The ufetubus closely misses you.
The bullfrog hits you but does no damage. 😮 HP[-4]
You take 4 damage, and now have 23/42 hp.
Unknown command.
The ufetubus closely misses you.
The ufetubus hits you but does no damage.
You see here a +0 club {mace}.
You have got your breath back.
The ufetubus hits you.
* * * LOW HITPOINT WARNING * * *
The ufetubus barely misses you. 😨 HP[-2]
You take 2 damage, and now have 21/42 hp.
The ufetubus attacks as you move away! The ufetubus hits you.
* * * LOW HITPOINT WARNING * * *
The ufetubus hits you.
* * * LOW HITPOINT WARNING * * *
The ufetubus hits you but does no damage.
The ufetubus closely misses you. 😨 HP[-6]
You take 6 damage, and now have 15/42 hp.
Aiming: Spit Poison (1% risk of failure)
Press: ? - help, Shift-Dir - straight line, f/p - bullfrog
Aim: a bullfrog (heavily wounded, 50% to hit)
The splash of poison hits the ufetubus.
The ufetubus is poisoned.
You kill the ufetubus! 😨 HP[+1]
You aren't carrying any potions.
Okay, then.
You closely miss the bullfrog. The bullfrog hits you.
* * * LOW HITPOINT WARNING * * *
😨 HP[-5]
You take 5 damage, and now have 11/42 hp.
You aren't carrying any potions.
As you read the scroll labelled DOKHUS XOWITI, it crumbles to dust.
It is a scroll of amnesia.
Really abort (and waste the scroll)?
Okay, then.
The bullfrog hits you.
* * * LOW HITPOINT WARNING * * *
😱 HP[-4]
You take 4 damage, and now have 7/42 hp.
Okay, then.
Okay, then.
You aren't carrying any potions.
You barely miss the bullfrog. The bullfrog hits you.
* * * LOW HITPOINT WARNING * * *
😱 HP[-2]
You take 2 damage, and now have 5/42 hp.
Okay, then.
You hit the bullfrog. The bullfrog hits you.
* * * LOW HITPOINT WARNING * * *
The bullfrog closely misses you. 😱 HP[-1]
You take 1 damage, and now have 4/42 hp.
You hit the bullfrog. The bullfrog closely misses you.
You hit the bullfrog.
You have got your breath back.
The bullfrog hits you!
You die...

Skill      XL: |  1  2 |
---------------+-------+-----
Stealth        | 9 |  9.5
Fighting       | |  3.0
Long Blades    | |  2.0
Dodging        | |  1.5
Conjurations   | |  0.2
Fire Magic     | |  0.2

Action                   |  1- 3 |  4- 6 || total
-------------------------+-------+-------++-------
Melee: Falchion          |     5 |    16 ||    21
 Abil: Spit Poison       |     3 |     2 ||     5
  Use: Scroll            |     1 |     1 ||     2
       Potion            |       |     1 ||     1
 Stab: Sleeping          |     1 |     1 ||     2
Armor: Leather armour    |       |     6 ||     6
Dodge: Dodged            |     3 |    18 ||    21

Levels and vault maps discovered:
D:4:      layout_loops_ring, lemuel_coloured_pillars_altar, guppyfry_shop_venom
D:5:      gammafunk_cloud_chamber, layout_basic, mainiacjoe_overflow_alcove_2,
          kennysheep_little_box, mainiacjoe_overflow_cross_hatched, uniq_sigmund

Notes
Turn   | Place    | Note
-------+----------+-------------------------------------------
     0 | D:5      | spaghetti the Naga Delver began the quest for the Orb.
     0 | D:5      | Reached XP level 1. HP: 21/21 MP: 1/1
     0 | D:5      | magus.rc [v1.9.6]
    44 | D:5      | HP: 5/21 [poisoned by an adder]
    50 | D:4      | Reached XP level 2. HP: 7/28 MP: 2/2
   285 | D:4      | Noticed a scorpion
   288 | D:4      | Killed a scorpion
   289 | D:4      | Reached skill level 9 in Stealth
   289 | D:4      | Reached XP level 3. HP: 33/34 MP: 3/3
   289 | D:4      | Reached XP level 4. HP: 40/42 MP: 4/4
   322 | D:4      | You add the spells Conjure Flame, Ignite Poison and Sticky
                  | Flame to your library.
   332 | D:4      | Learned a level 3 spell: Conjure Flame
   403 | D:4      | Noticed a bullfrog
   418 | D:4      | HP: 7/42 [bullfrog (4)]
   422 | D:4      | Slain by a bullfrog

Vanquished Creatures
  A scorpion (D:4)
  An adder (D:4)
  An ufetubus (D:4)
  A giant cockroach (D:4)
  A kobold (D:4)
5 creatures vanquished.

Table legend:
 A = Non-vault XP
 B = Vault XP
 C = Vault XP percentage of total XP
 D = Non-vault monster count
 E = Vault monster count
 F = Vault count percentage of total count
                 A         B        C        D         E       F
            +---------+---------+-------+---------+---------+-------
      Total |     104 |       0 |   0.0 |       5 |       0 |   0.0
            +---------+---------+-------+---------+---------+-------
        D:4 |     104 |       0 |   0.0 |       5 |       0 |   0.0
            +---------+---------+-------+---------+---------+-------

Illustrated notes

Table legend:
 A = Kills in this place as a percentage of kills in entire the game.
 B = Kills by you in this place as a percentage of kills by you in the entire game.
 C = Kills by friends in this place as a percentage of kills by friends in the entire game.
 D = Other kills in this place as a percentage of other kills in the entire game.
 E = Experience gained in this place as a percentage of experience gained in the entire game.
 F = Experience gained in this place divided by the number of levels of this place that you have seen.
                   A       B       C       D       E      F
               +-------+-------+-------+-------+-------+----------------------
         Total | 100.0 | 100.0 |   N/A |   N/A | 100.0 |  52.0
       Dungeon | 100.0 | 100.0 |   N/A |   N/A | 100.0 |  52.0
               +-------+-------+-------+-------+-------+----------------------

Table legend: (Time is in decaauts)
 A = Elapsed time spent in this place.
 B = Non-inter-level travel time spent in this place.
 C = Inter-level travel time spent in this place.
 D = Time resting spent in this place.
 E = Time spent auto-exploring this place.
 F = Levels seen in this place.
 G = Mean time per level.
                   A        B        C        D        E       F      G
               +--------+--------+--------+--------+--------+-----+--------+
         Total |    463 |    463 |      0 |    236 |    112 |   2 |  231.5 |
       Dungeon |    463 |    463 |      0 |    236 |    112 |   2 |  231.5 |
               +--------+--------+--------+--------+--------+-----+--------+

Top non-repeatable levels by time:
     D:4: 400 daAuts
     D:5: 62 daAuts
